 Dungeon Crawl Stone Soup version 0.26-a0-753-g4680b4fa2e (webtiles) character file.

Game seed: 18435657866630186263

11 Forecaster the Stinger (level 2, 0/22 HPs)
             Began as a Naga Venom Mage on Nov 7, 2020.
             Slain by a jackal (2 damage)
             ... on level 1 of the Dungeon.
             The game lasted 00:01:55 (443 turns).

Forecaster the Stinger (Naga Venom Mage)             Turns: 443, Time: 00:01:55

Health: 0/22       AC:  1    Str: 10    XL:     2   Next: 29%
Magic:  1/5        EV: 10    Int: 15    God:
Gold:   44         SH:  0    Dex: 11    Spells: 2/5 levels left

rFire    . . .     SeeInvis +   g - +0 dagger
rCold    . . .     Faith    .   (no shield)
rNeg     . . .     Spirit   .   a - +0 robe
rPois    +         Reflect  .   (no helmet)
rElec    .         Harm     .   (no cloak)
rCorr    .         Rampage  .   (no gloves)
MR       .....                  (no barding)
Stlth    ++........             (no amulet)
HPRegen  0.07/turn              (no ring)
MPRegen  0.09/turn              (no ring)

@: very slow
A: large, see invisible, deformed body, poison resistance, slowness 2, spit
poison 1, AC +0
a: Spit Poison


You were on level 1 of the Dungeon.
You visited 1 branch of the dungeon, and saw 1 of its levels.

You collected 44 gold pieces.

Inventory:

Hand Weapons
 c - a +0 club
 g - a +0 dagger (weapon)
Armour
 a - a +0 robe (worn)
Scrolls
 b - a scroll of remove curse {unknown}
 e - a scroll of identify {unknown}
 f - a scroll of noise {unknown}
Potions
 d - a potion of might {unknown}


   Skills:
 + Level 0.1 Short Blades
 + Level 1.7 Dodging
 + Level 3.0 Stealth
 + Level 2.0 Spellcasting
 + Level 1.1 Transmutations
 + Level 4.6 Poison Magic


You had 2 spell levels left.
You knew the following spells:

 Your Spells              Type           Power        Failure   Level
a - Sting                 Tmut/Pois      ##..         7%          1
b - Poisonous Vapours     Pois/Air       #.....       13%         2

Your spell library contained the following spells:

 Spells                   Type           Power        Failure   Level
 Ignite Poison            Fire/Tmut/Pois #.......     30%         3
 Olgreb's Toxic Radiance  Pois           ###.....     32%         4
 Mephitic Cloud           Conj/Pois/Air  #.......     34%         3


Dungeon Overview and Level Annotations

Branches:
Dungeon (1/15)

Altars:


Innate Abilities, Weirdness & Mutations

You cannot wear boots.
Your serpentine skin is tough. (AC +0)
You have supernaturally acute eyesight. (SInv)
Armour fits poorly on your strangely shaped body.
Your system is resistant to poisons. (rPois)
You cover ground very slowly.
You can spit poison.


Message History

Your magical contamination has completely faded away.
You hit the jackal but do no damage. The jackal bites you.
* * * LOW HITPOINT WARNING * * *
The jackal misses you. The jackal bites you.
* * * LOW HITPOINT WARNING * * *
The jackal completely misses you. The jackal bites you.
* * * LOW HITPOINT WARNING * * *
The jackal barely misses you.
The jackal bites you but does no damage.
The jackal barely misses you.
You completely miss the jackal. The jackal misses you.
You hit the jackal.
The jackal is heavily wounded.
You barely miss the jackal. The jackal bites you.
* * * LOW HITPOINT WARNING * * *
The jackal misses you. The jackal completely misses you.
The jackal barely misses you.
You closely miss the jackal. The jackal barely misses you.
The jackal bites you.
You die...

.......####.......
....................
..........(....[..(.
#..##.....†....##..#
....#..........#....
#................#
#.>......#.......#
##.......###h..#..# #
..........hh@..# . #
##......##.###.#.# #
.................. #
##......##..##.#.# ##
#............#.#... .#
#.......###.##.########
##
#.#########............
# #.
..........############
#
..........####.......#


You could see 3 jackals.

Vanquished Creatures
  A goblin (D:1)
  2 hobgoblins (D:1)
  A jackal (D:1)
  3 bats (D:1)
  A frilled lizard (D:1)
  3 kobolds (D:1)
11 creatures vanquished.

Notes
Turn   | Place    | Note
-------+----------+-------------------------------------------
     0 | D:1      | Forecaster the Naga Venom Mage began the quest for the Orb.
     0 | D:1      | Reached XP level 1. HP: 15/15 MP: 3/3
   264 | D:1      | Reached XP level 2. HP: 18/22 MP: 1/5
   268 | D:1      | Learned a level 2 spell: Poisonous Vapours
   443 | D:1      | Slain by a jackal

Illustrated notes

Levels and vault maps discovered:
D:1:      nzn_arrival_settlement, layout_basic, kennysheep_decorative_pillar,
          minmay_misc_feat_pillars, lemuel_another_geyser

Action                   || total
-------------------------++-------
Melee: Club              ||    13
       Unarmed           ||     3
       Dagger            ||     8
 Cast: Sting             ||    11
       Poisonous Vapours ||     4
Armor: Robe              ||     4
Dodge: Dodged            ||    28

Table legend: (Time is in decaauts)
 A = Elapsed time spent in this place.
 B = Non-inter-level travel time spent in this place.
 C = Inter-level travel time spent in this place.
 D = Time resting spent in this place.
 E = Time spent auto-exploring this place.
 F = Levels seen in this place.
 G = Mean time per level.
                   A        B        C        D        E       F      G
               +--------+--------+--------+--------+--------+-----+--------+
         Total |    498 |    498 |      0 |     45 |    318 |   1 |  498.0 |
       Dungeon |    498 |    498 |      0 |     45 |    318 |   1 |  498.0 |
               +--------+--------+--------+--------+--------+-----+--------+

Top non-repeatable levels by time:
     D:1: 498 daAuts
